Map: Overgrowth LE (Void)

Players

Musumeci

  • Race: Zerg Zerg
  • League: Diamond
  • Spawn Location: 1:00

Mika - Winner!

  • Race: Zerg Zerg
  • League: Diamond
  • Spawn Location: 7:00

VOD

Have the link to the VOD?

Description

Time

  • Played on: Jan. 9, 2017, 8:23 a.m.
  • Length: 12:09
Show
View Real Time Build Order
Export as new Build Order

Musumeci Zerg 

Build Orders: Hatch First 

Get SALT Encoding   

  12  0:01  Drone  
  13  0:08  Drone  
  14  0:33  Drone, Extractor  
  15  0:40  Hatchery  
  14  0:45  Drone, Extractor  
  15  1:01  Spawning Pool  
  14  1:04  Extractor  
  14  1:09  Evolution Chamber  
  12  1:14  Drone  
  12  1:17  Extractor  
  12  1:19  Drone  
  12  1:24  Drone  
  14  1:31  Overlord  
  15  1:49  Drone x2  
  17  1:54  Queen  
  17  1:58  Drone  
  20  2:04  Drone  
  21  2:13  Metabolic Boost  
  21  2:18  Drone x2  
  21  2:21  Drone  
  24  2:35  Zergling x4, Baneling Nest  
  25  2:40  Drone x2  
  27  2:53  Zergling x2  
  28  3:10  Overlord  
  28  3:12  Overlord  
  28  3:28  Queen  
  30  3:39  Zergling x12  
  36  3:58  Baneling x2  
  36  4:08  Zergling x2  
  36  4:09  Zergling x10  
  35  4:18  Baneling x2  
  35  4:19  Zergling x4  
  30  4:43  Zergling x10  
  32  4:56  Zergling x12  
  38  5:02  Baneling x5  
  26  5:23  Zergling x20  
  26  5:28  Queen, Evolution Chamber  
  36  5:29  Drone  
  38  5:47  Baneling x3  
  38  5:48  Zergling x8  
  42  5:55  Zerg Ground Armor Level 1  
  42  6:05  Zergling x4  
  37  6:42  Zergling x4  
  37  6:43  Zergling x14  
  40  6:59  Zergling x6  
  40  7:00  Overlord x2  
  43  7:06  Baneling x2  
  43  7:07  Overlord  
  43  7:12  Drone  
  44  7:19  Zergling x14  
  51  7:29  Zergling x2  
  53  7:30  Zergling x2  
  52  7:42  Baneling x2  
  38  7:59  Zergling x12  
  38  8:00  Zergling x4  
  42  8:12  Zergling x4  
  38  8:16  Drone  
  38  8:17  Drone  
  40  8:23  Baneling x3  
  40  8:26  Zergling x2  
  41  8:29  Drone  
  41  8:30  Extractor x2  
  41  8:31  Hatchery  
  39  8:58  Lair  
  39  9:00  Drone x3, Extractor  
  41  9:08  Drone x6  
  47  9:29  Drone x5  
  47  9:30  Zergling x4  
  53  9:53  Zergling x14  
  60  10:00  Spire  
  58  10:15  Zergling x14  
  58  10:20  Spine Crawler  
  58  10:21  Spine Crawler  
  63  10:22  Spine Crawler  
  63  10:24  Spine Crawler  
  46  10:45  Drone x3  
  23  11:09  Hatchery  
  23  11:10  Hatchery  
  17  11:18  Hatchery  
Show
View Real Time Build Order
Export as new Build Order

Mika Zerg - Winner!

Build Orders: Hatch First, Zergling Baneling 

Get SALT Encoding   

  12  0:01  Drone  
  13  0:12  Overlord  
  13  0:17  Drone  
  14  0:22  Extractor  
  14  0:23  Drone  
  15  0:33  Drone  
  15  0:35  Drone  
  17  0:52  Hatchery  
  17  0:54  Drone  
  17  0:58  Drone  
  17  1:02  Extractor  
  17  1:11  Drone  
  18  1:14  Extractor  
  17  1:21  Drone  
  17  1:22  Spawning Pool  
  17  1:34  Drone  
  18  1:43  Drone  
  19  1:52  Drone  
  20  2:06  Drone  
  20  2:07  Drone  
  22  2:09  Queen  
  22  2:10  Queen  
  22  2:12  Overlord  
  26  2:16  Metabolic Boost  
  26  2:18  Drone  
  26  2:22  Zergling x2  
  28  2:32  Drone  
  28  2:35  Zergling x2  
  28  2:37  Drone  
  31  2:43  Drone  
  32  2:52  Overlord  
  32  3:02  Baneling Nest  
  32  3:05  Hatchery, Zergling x6  
  33  3:10  Zergling x2  
  34  3:17  Queen  
  36  3:21  Zergling x6  
  39  3:41  Overlord  
  39  3:42  Zergling x8  
  39  3:43  Drone  
  44  3:54  Baneling x3  
  44  3:56  Overlord  
  43  4:10  Baneling x2  
  43  4:11  Zergling x4, Overlord  
  43  4:12  Zergling x4  
  43  4:16  Baneling x2  
  43  4:17  Baneling  
  46  4:30  Overlord  
  43  4:32  Zergling x16  
  45  4:43  Overlord x2  
  45  4:44  Drone  
  44  4:49  Baneling  
  44  4:54  Drone x3  
  47  5:01  Baneling x2  
  36  5:22  Zergling x4, Overlord  
  36  5:23  Drone x3, Zergling x4  
  44  5:28  Drone x3, Extractor  
  44  5:29  Drone  
  44  5:31  Evolution Chamber  
  44  5:34  Drone x2  
  47  5:36  Roach Warren  
  47  5:38  Drone x2  
  48  5:46  Extractor  
  48  5:49  Baneling x2  
  47  5:54  Lair  
  47  5:56  Drone x3  
  50  6:03  Zergling x4  
  50  6:04  Zergling x2, Overlord  
  53  6:06  Drone  
  54  6:15  Baneling  
  54  6:16  Baneling  
  54  6:20  Baneling  
  54  6:32  Zergling x2  
  53  6:33  Roach  
  53  6:34  Baneling  
  52  6:44  Zergling x2  
  52  6:45  Roach x4, Zergling x8  
  52  6:46  Zergling x10  
  61  6:53  Overlord  
  61  7:07  Glial Reconstitution, Zerg Missile Weapons Level 1  
  61  7:09  Drone x3  
  64  7:44  Drone  
  64  7:45  Drone  
  64  7:46  Drone x3, Overlord  
  64  7:47  Roach x3  
  67  7:52  Roach x2  
  67  7:57  Drone x3  
  63  8:03  Drone x2  
  59  8:14  Drone  
  60  8:20  Overlord  
  60  8:21  Roach x2  
  60  8:22  Hatchery  
  63  8:27  Roach  
  65  8:35  Ravager x6  
  65  8:38  Drone  
  65  8:39  Drone  
  73  8:54  Roach x2  
  73  8:55  Roach x3  
  82  9:11  Hatchery  
  81  9:22  Roach x6  
  93  9:29  Roach x2  
  97  9:39  Roach x2  
  97  9:40  Zergling x4  
  99  9:55  Hatchery  
  97  10:07  Zergling x8, Overlord  
  97  10:08  Zergling x2  
  102  10:14  Zergling x2  
  102  10:15  Zergling x4  
  104  10:33  Roach x5  
  108  10:58  Roach x5  
  111  11:24  Drone  
  111  11:25  Drone  
  111  11:32  Drone  
  103  11:40  Spawning Pool  
Tags
 
Add a new tag
Caveats
  • Supply blocks, unpowered buildings, or Contaminate may cause inaccurate times.
  • Supply counts are checked every 10 seconds.